 Dungeon Crawl Stone Soup version 0.24-a0-447-ge8da9206dc (webtiles) character file.

Game seed: 9090193154993459369

10185 HAL9000 the Transmogrifier (level 11, -8/99 HPs)
             Began as a White Draconian Transmuter on June 24, 2019.
             Was a Follower of Ru.
             Mangled by a six-headed hydra (17 damage)
             ... on level 1 of the Lair of Beasts on June 25, 2019.
             The game lasted 00:21:48 (12282 turns).

HAL9000 the Transmogrifier (DrTm)                  Turns: 12282, Time: 00:21:49

Health: -8/99      AC:  2    Str: 14    XL:     11   Next: 32%
Magic:  12/14      EV: 27    Int: 14    God:    Ru [*.....]
Gold:   582        SH:  5    Dex: 18    Spells: 3/14 levels left

rFire    . . .     SeeInvis .     - Unarmed
rCold    . . .     Gourm    .   (shield currently unavailable)
rNeg     . . .     Faith    .   (armour unavailable)
rPois    x         Spirit   .   (helmet currently unavailable)
rElec    .         Reflect  +   (cloak currently unavailable)
rCorr    +         Harm     .   (gloves currently unavailable)
MR       .....                  (boots currently unavailable)
Stlth    ++........             r - +5 amulet of reflection
HPRegen  0.26/turn              g - ring of flight
MPRegen  0.14/turn              d - ring of resist corrosion

@: spider-form, very slightly contaminated, invisible
A: tiny, (breathe frost), unfitting armour, missing an eye, AC +7
a: End Transformation, Renounce Religion, Evoke Flight


You were on level 1 of the Lair of Beasts.
You worshipped Ru.
Ru was aware of your devotion.
You were not hungry.
You were a venomous arachnid creature.
You visited 2 branches of the dungeon, and saw 10 of its levels.

You collected 582 gold pieces.

Inventory:

Missiles
 a - 106 arrows
 x - 3 javelins (quivered)
Armour
 B - a +0 cloak (melded)
 G - the +0 pair of boots of Indomitability {rPois MR+ Str-4}
   (You found it on level 8 of the Dungeon)

   It affects your strength (-4).
   It protects you from poison.
   It affects your resistance to hostile enchantments.
Magical Staves
 j - an uncursed staff of cold
 E - an uncursed staff of summoning
 J - an uncursed staff of earth
Jewellery
 d - a ring of resist corrosion (right front leg)
 g - a ring of flight (left front leg)
 r - a +5 amulet of reflection (around neck)
Wands
 m - a wand of random effects (25)
 o - a wand of clouds (6)
 L - a wand of paralysis (4)
 M - a wand of disintegration (10)
Scrolls
 f - 4 scrolls of amnesia
 i - a scroll of remove curse
 l - a scroll of vulnerability {unknown}
 n - 2 scrolls of fog {unknown}
 s - 2 scrolls of enchant weapon
 t - 2 scrolls of immolation
 u - 4 scrolls of teleportation
 v - a scroll of random uselessness {unknown}
 y - 2 scrolls of blinking {unknown}
 D - a scroll of noise {unknown}
 F - a scroll of fear {unknown}
Potions
 e - a potion of mutation {unknown}
 h - 2 potions of ambrosia
 k - a potion of resistance {unknown}
 p - 2 potions of cancellation
 q - 2 potions of invisibility
 w - a potion of lignification {unknown}
 z - 4 potions of brilliance
 A - 3 potions of curing {unknown}
 C - a potion of magic {unknown}
 H - 2 potions of flight {unknown}
 O - a potion of haste {unknown}
Miscellaneous
 b - a phial of floods
 I - a fan of gales
Comestibles
 c - 13 rations


   Skills:
 - Level 10.0 Fighting
 + Level 7.7 Dodging
 - Level 8.0 Unarmed Combat
 - Level 2.0 Spellcasting
 - Level 11.0 Transmutations


You had 3 spell levels left.
You knew the following spells:

 Your Spells              Type           Power        Failure   Level  Hunger
a - Beastly Appendage     Tmut           ####..       2%          1    ##.....
b - Sticks to Snakes      Tmut           ####....     3%          2    ###....
c - Spider Form           Tmut/Pois      ###.......   21%         3    ####...
d - Blade Hands           Tmut           ####......   19%         5    ######.

Your spell library contained the following spells:

 Spells                   Type           Power        Failure   Level  Hunger
 Ignite Poison            Fire/Tmut/Pois ##......     34%         3    ####...
 Apportation              Tloc           #.....       45%         1    ##.....
 Summon Butterflies       Summ           #.......     45%         1    ##.....
 Sublimation of Blood     Necr           #.........   56%         2    ###....
 Lesser Beckoning         Tloc           #.........   77%         3    ####...
 Tukima's Dance           Hex            #.......     77%         3    ####...
 Ice Form                 Ice/Tmut       ###.....     45%         4    #####..
 Petrify                  Tmut/Erth      ###.....     45%         4    #####..
 Alistair's Intoxication  Tmut/Pois      ###.....     77%         5    ######.
 Irradiate                Conj/Tmut      ###.......   77%         5    ######.
 Invisibility             Hex            #.......     100%        6    #######


Dungeon Overview and Level Annotations

Branches:
Dungeon (9/15)             Temple (0/1) D:7            Lair (1/6) D:8
    Orc: D:9-12

Altars:
Cheibriados
Elyvilon
Fedhas
Gozag
Kikubaaqudgha
Okawaru
Qazlal
Ru
Sif Muna
Uskayaw
Wu Jian
Xom
Yredelemnul
The Shining One

Annotations:
D:9 2 runed translucent doors


Innate Abilities, Weirdness & Mutations

((You can breathe waves of freezing cold.))
((You can buffet flying creatures when you breathe cold.))
((Your icy white scales are hard. (AC +7)))
You cannot fit into any form of body armour.
((Your flesh is cold resistant. (rC+)))
((You are cold-blooded and may be slowed by cold attacks.))
You are missing an eye, making it more difficult to aim.


Message History

The six-headed hydra barely misses you.
You block the six-headed hydra's attack.
The six-headed hydra closely misses you.
The six-headed hydra barely misses you.
The six-headed hydra completely misses you.
You closely miss the six-headed hydra.
The six-headed hydra is severely wounded.
The six-headed hydra bites you!
* * * LOW HITPOINT WARNING * * *
The six-headed hydra completely misses you. x2
You block the six-headed hydra's attack.
The six-headed hydra closely misses you.
You block the six-headed hydra's attack.
You hit the six-headed hydra.
The six-headed hydra looks as sick as possible!
The six-headed hydra is severely wounded.
The six-headed hydra bites you!
* * * LOW HITPOINT WARNING * * *
The six-headed hydra bites you!
You die...

#.# #.#
#P.......#.##.## #.#
#.P #........###..#
#.## #.#
#.............#
#..###.#
##.##.....####.# ###..#
..####.###....## #.#
#.#..###.#.#...##....#
#.#
.....##..##...[.#....#
#.#
#.#..###........D....#
##.#
.##..##.#.......s..###
#..#
.......###......#.##
##.#
#.#..##.#.#P..###.P#
#..#
###..###.###...##.#####
##.# ##P....###
#..###.###.####.#
............>.#
#..........#
###...###)##.##
####.####### #รท##### #
### ...###


You could see a six-headed hydra.

Vanquished Creatures
  A centaur warrior (D:9)
  2 two-headed ogres
  Pikel (D:6)
  A cyclops (D:9)
  A manticore (D:9)
  A gargoyle (D:9)
  A spiny frog (Lair:1)
  2 trolls (D:9)
  A hippogriff (D:9)
  Sigmund (D:2)
  12 yaks
  2 hungry ghosts
  A water moccasin (D:8)
  2 orc warriors (D:9)
  Duvessa (D:7)
  6 porcupines
  2 black bears
  A sky beast (D:8)
  4 slaves
  A necrophage (D:5)
  A phantom (D:8)
  2 ogres
  3 centaurs
  5 bullfrogs
  Dowan (D:7)
  A wyvern skeleton (D:9)
  5 scorpions
  3 wights (D:7)
  A howler monkey (D:5)
  3 crimson imps
  A bullfrog zombie (D:8)
  6 orc priests
  A quasit (D:7)
  3 jellies (D:8)
  2 orc wizards
  Crazy Yiuf (D:3)
  3 iguanas
  7 worker ants
  A killer bee zombie (D:6)
  A hound skeleton (D:4)
  5 adders
  A gnoll (D:8)
  2 shadow imps
  7 oozes
  3 adder skeletons
  An adder zombie (D:8)
  4 worms
  A dart slug (D:1)
  3 leopard geckos
  26 orcs
  4 ball pythons
  4 giant cockroaches
  13 goblins
  4 hobgoblins
  2 jackals (D:4)
  3 quokkas
  7 bats
  6 frilled lizards
  13 kobolds
  2 leopard gecko skeletons
  A quokka zombie (D:6)
  10 rats
217 creatures vanquished.

Vanquished Creatures (collateral kills)
  An ice beast (D:5)
  An orc wizard (D:7)
  An adder (D:7)
  A shadow imp (D:9)
  A worm (D:4)
  2 orcs
7 creatures vanquished.

Vanquished Creatures (others)
  A fungus (D:8)
1 creature vanquished.

Grand Total: 225 creatures vanquished

Notes
Turn   | Place    | Note
-------+----------+-------------------------------------------
     0 | D:1      | HAL9000 the Draconian Transmuter began the quest for the
                  | Orb.
     0 | D:1      | Reached XP level 1. HP: 16/16 MP: 3/3
   229 | D:1      | Reached XP level 2. HP: 16/23 MP: 3/5
   441 | D:1      | Learned a level 2 spell: Sticks to Snakes
   703 | D:1      | Reached XP level 3. HP: 26/28 MP: 4/6
  1354 | D:2      | Upgraded the game from 0.24-a0-446-g87df7205b4 to
                  | 0.24-a0-447-ge8da9206dc
  1373 | D:2      | Learned a level 3 spell: Spider Form
  1571 | D:2      | Noticed Sigmund
  1580 | D:2      | Killed Sigmund
  1580 | D:2      | Reached XP level 4. HP: 28/35 MP: 3/7
  1580 | D:2      | Reached XP level 5. HP: 32/40 MP: 3/8
  2233 | D:3      | Found a snail-covered altar of Cheibriados.
  2361 | D:3      | Found a runed translucent door.
  2362 | D:3      | Noticed Crazy Yiuf
  2494 | D:3      | Killed Crazy Yiuf
  2494 | D:3      | Reached XP level 6. HP: 34/47 MP: 5/9
  4234 | D:4      | Your scales start taking on an icy white colour.
  4234 | D:4      | Reached XP level 7. HP: 52/52 MP: 10/10
  4234 | D:4      | Gained mutation: Your flesh is cold resistant. (rC+) [White
                  | Draconian growth]
  4387 | D:5      | Entered Level 5 of the Dungeon
  4439 | D:5      | Reached skill level 3 in Transmutations
  4706 | D:5      | Reached skill level 4 in Transmutations
  4806 | D:5      | Found a white marble altar of Elyvilon.
  4969 | D:5      | Reached skill level 5 in Transmutations
  5043 | D:5      | Reached XP level 8. HP: 44/59 MP: 11/11
  5975 | D:6      | Found an ancient bone altar of Kikubaaqudgha.
  5982 | D:6      | Reached skill level 6 in Transmutations
  6130 | D:6      | Noticed Pikel
  6631 | D:6      | Killed Pikel
  6631 | D:6      | Reached skill level 7 in Transmutations
  6912 | D:6      | Found an ornate altar of the Wu Jian Council.
  7238 | D:7      | Found a sacrificial altar of Ru.
  7260 | D:7      | Became a worshipper of Ru the Awakened
  7325 | D:6      | Reached skill level 8 in Transmutations
  7443 | D:7      | Found a staircase to the Ecumenical Temple.
  7462 | D:7      | Reached skill level 9 in Transmutations
  7475 | D:7      | Learned a level 5 spell: Blade Hands
  7587 | D:7      | Noticed Dowan
  7588 | D:7      | Noticed Duvessa
  7600 | D:7      | Killed Duvessa
  7600 | D:7      | Reached XP level 9. HP: 29/64 MP: 9/12
  7604 | D:7      | Killed Dowan
  8202 | D:8      | Found a blossoming altar of Fedhas.
  8225 | D:8      | Reached skill level 10 in Transmutations
  8232 | D:8      | Noticed a two-headed ogre
  8293 | D:8      | Found a staircase to the Lair.
  8436 | D:8      | Reached skill level 11 in Transmutations
  8625 | D:8      | Found an iron altar of Okawaru.
  8747 | D:8      | Killed a two-headed ogre
  8747 | D:8      | Reached XP level 10. HP: 14/84 MP: 1/13
  9049 | D:8      | Found a basalt altar of Yredelemnul.
  9200 | D:8      | Got a pair of encrusted boots
  9207 | D:8      | Identified the +0 pair of boots of Indomitability {rPois
                  | MR+ Str-4} (You found it on level 8 of the Dungeon)
  9343 | D:8      | Found an opulent altar of Gozag.
  9942 | D:9      | Found a runed translucent door.
  9945 | D:9      | Found a runed translucent door.
  9945 | D:9      | Noticed a five-headed hydra
  9951 | D:9      | Noticed a gargoyle
  9959 | D:9      | Killed a gargoyle
  9966 | D:9      | Noticed a centaur warrior
  9970 | D:9      | Killed a centaur warrior
  9973 | D:9      | Noticed a manticore
  9983 | D:9      | Killed a manticore
 10374 | D:9      | Reached skill level 10 in Fighting
 10614 | D:9      | Noticed a two-headed ogre
 10623 | D:9      | Killed a two-headed ogre
 10623 | D:9      | Reached skill level 5 in Dodging
 10645 | D:9      | Found a deep blue altar of Sif Muna.
 10654 | D:9      | Found a stormy altar of Qazlal.
 10673 | D:9      | Gained mutation: You are missing an eye, making it more
                  | difficult to aim. [Ru sacrifice]
 10673 | D:9      | Reached * piety under Ru
 10678 | D:9      | Reached XP level 11. HP: 99/99 MP: 8/14
 11099 | D:9      | Found a shimmering altar of Xom.
 11102 | D:9      | Found a hide-covered altar of Uskayaw.
 11103 | D:9      | Found a glowing golden altar of the Shining One.
 11517 | Lair:1   | Entered Level 1 of the Lair of Beasts
 12176 | Lair:1   | Noticed a six-headed hydra
 12282 | Lair:1   | Mangled by a six-headed hydra

Levels and vault maps discovered:
D:1:      minmay_arrival_stair_chambers, layout_basic
D:2:      layout_basic, first_ration, uniq_sigmund
D:3:      layout_loops_ring, marbit_many_paths, uniq_crazy_yiuf_cottage
D:4:      layout_basic, kennysheep_big_empty_room, minmay_pentomino_pile
D:5:      layout_rooms, elyvilon_altar_5, minmay_misc_feat_alley,
          minmay_misc_feat_cross, serial_bayou_lake_a
D:6:      layout_layer_cave, lemuel_crystal_altar, kiku_gazebo_garden_becter,
          uniq_pikel
D:7:      layout_rooms, nicolae_overflow_crystal_walls,
          minmay_temple_entry_wispy, uniq_duvessa
D:8:      layout_basic, grunt_gozag_breadcrumbs, nicolae_overflow_hidden_temple,
          yredelemnul_altar_generic, due_lair_maze_entry_diamond,
          hangedman_little_slice_of_home, okawaru_altar_gauntlet_db
D:9:      minmay_the_grid_triangle_9x9_rhombus_thin
          [minmay_the_grid_triangle_9x9_tough_junction,
          minmay_the_grid_triangle_9x9_prize_schism,
          minmay_the_grid_triangle_9x9_stretched_checkered,
          minmay_the_grid_triangle_9x9_sparse_checkered], layout_irregular_city,
          lemuel_round_altar, overflow_temple_1_default, minitemple
Lair:1:   layout_loops_ring

Skill      XL: |  1  2  3  4  5  6  7  8  9 10 11 |
---------------+----------------------------------+-----
Unarmed Combat | 4 6 8 |  8.0
Transmutations | 5 9 11 | 11.0
Fighting       | 6 10 | 10.0
Dodging        | 5 7 |  7.7
Spellcasting   | |  2.0

Action                   |  1- 3 |  4- 6 |  7- 9 | 10-12 || total
-------------------------+-------+-------+-------+-------++-------
Melee: Unarmed           |   110 |   163 |   299 |   187 ||   759
       Tailslap          |    12 |    10 |    21 |    24 ||    67
       Headbutt          |     7 |     1 |     4 |       ||    12
       Kick              |     3 |     5 |     2 |       ||    10
       Punch             |     2 |     4 |     5 |    11 ||    22
Throw: Javelin           |       |     3 |       |       ||     3
 Cast: Beastly Appendage |    22 |    18 |     4 |       ||    44
       Spider Form       |     1 |     5 |     8 |     1 ||    15
       Sticks to Snakes  |       |     7 |    18 |     5 ||    30
       Blade Hands       |       |       |     7 |    15 ||    22
Invok: Sacrifice an Eye  |       |       |       |     1 ||     1
 Abil: Breathe Frost     |       |       |     7 |       ||     7
       End Transformatio |       |       |     2 |       ||     2
  Use: Scroll            |       |       |     9 |     3 ||    12
       Potion            |       |       |       |     2 ||     2
 Stab: Sleeping          |       |     3 |       |     1 ||     4
       Distracted        |       |       |     1 |     2 ||     3
       Invisible         |       |       |       |     2 ||     2
  Eat: Chunk             |     3 |     8 |    12 |    15 ||    38
       Ration            |       |     1 |     3 |     1 ||     5
Armor: Skin              |    38 |    39 |    64 |    24 ||   165
Dodge: Dodged            |    67 |   105 |   142 |   129 ||   443
Block: Other             |       |       |    33 |    27 ||    60
       Reflection        |       |       |     4 |       ||     4

Table legend:
 A = Non-vault XP
 B = Vault XP
 C = Vault XP percentage of total XP
 D = Non-vault monster count
 E = Vault monster count
 F = Vault count percentage of total count
                 A         B        C        D         E       F
            +---------+---------+-------+---------+---------+-------
      Total |    9212 |    5338 |  36.7 |     174 |      46 |  20.9
            +---------+---------+-------+---------+---------+-------
        D:1 |      46 |       0 |   0.0 |      24 |       0 |   0.0
        D:2 |      33 |     231 |  87.5 |      15 |       1 |   6.2
        D:3 |     122 |      44 |  26.5 |      28 |       2 |   6.7
        D:4 |     284 |      10 |   3.4 |      22 |       2 |   8.3
        D:5 |     663 |       0 |   0.0 |      22 |       0 |   0.0
        D:6 |     248 |     556 |  69.2 |       5 |       1 |  16.7
        D:7 |     712 |     356 |  33.3 |      14 |       3 |  17.6
        D:8 |    1484 |    1007 |  40.4 |      16 |      22 |  57.9
        D:9 |    3072 |    3134 |  50.5 |      14 |      15 |  51.7
     Lair:1 |    2548 |       0 |   0.0 |      14 |       0 |   0.0
            +---------+---------+-------+---------+---------+-------
